Cogmind - Beta 13 @@@ ROGUE MODE // 2024.07.15 @ 12:08:34 Player: Beef Result: Destroyed by S-27 Virus with Autogun Performance ------------- Evolutions (3) 1500 Regions Visited (5) 1000 Robots Destroyed (85) 425 Value Destroyed (2381) 2381 Prototype IDs (7) 140 Alien Tech Used (0) 0 Bonus (218) 218 TOTAL SCORE: 5664 Bonus ------- Pacifist 200 High Alert Combat Kills 18 Cogmind --------- Core Integrity 0/700 Matter 220/300 Energy 310/310 System Corruption 2% Temperature Cool (0) Movement Walking (190) Ox1 Location -7/Storage Parts ------- > --- POWER (1) -------- Heavy Deuterium Engine > --- PROPULSION (4) --- Carbon-fiber Leg Carbon-fiber Leg Improved Carbon-fiber Leg Armored Wheel > --- UTILITY (5) ------ Large Storage Unit Improved Signal Interpreter Core Analyzer Hacking Suite > --- WEAPON (3) ------- Powered Hammer Powered Hammer Power Maul > --- INVENTORY (15) --- Reinforced Deuterium Engine Micro Nuclear Core High-capacity Storage Unit Improved Sensor Array System Shield Advanced Beam Rifle Gatling Laser Gauss Rifle Powered Hammer Peak State ------------ > --- POWER ------------ Heavy Ion Engine > --- PROPULSION ------- Armored Treads Armored Treads Armored Treads Armored Treads > --- UTILITY ---------- Improved Heat Sink High-capacity Storage Unit Advanced Visual Processing Unit Targeting Computer Advanced System Restoration Module > --- WEAPON ----------- Gatling Laser Gatling Laser Gatling Laser > --- INVENTORY -------- Light Deuterium Engine VSS Leg VSS Leg VSS Leg VSS Leg Coolant Injector Improved Sensor Array Improved Signal Interpreter Energy Filter Weapon Cycler Improved Medium Armor Plating Improved Medium Armor Plating Improved Medium Armor Plating Gatling Laser Powered Hammer Powered Hammer Powered Hammer Powered Hammer Katana Spear [Rating: 48] Favorites ----------- Power Heavy Ion Engine Engine Heavy Ion Engine Power Core Light Nuclear Core Propulsion Armored Treads Treads Armored Treads Leg Improved Aluminum Leg Wheel Armored Wheel Utility Targeting Computer Device Improved Heat Sink Storage High-capacity Storage Unit Processor Targeting Computer Hackware Hacking Suite Protection Improved Medium Armor Plating Weapon Powered Hammer Energy Gun Shock Rifle Energy Cannon Light EM Pulse Cannon Ballistic Gun Light Assault Rifle Impact Weapon Powered Hammer Slashing Weapon Katana Piercing Weapon Spear Build | -11 -10 -9 -8 -7 -7 ------- Run | Yrd Mat Mat Mat Fac Sto Slots Evolved 6 | . . 2 2 2 . Power . | . . . . . . Propulsion 2 | . . 1 . 1 . Utility 3 | . . 1 1 1 . Weapon 1 | . . . 1 . . Parts Attached 115 | 6 1 24 10 68 6 Power 9 | 1 . 2 . 6 . Engine 8 | 1 . 2 . 5 . Core 1 | . . . . 1 . Reactor . | . . . . . . Propulsion 38 | 2 . 8 1 23 4 Treads 12 | 2 . 5 1 4 . Leg 16 | . . 3 . 9 4 Wheel 10 | . . . . 10 . Hover . | . . . . . . Flight . | . . . . . . Utility 38 | 1 1 5 4 26 1 Device 15 | . . 3 1 11 . Storage 4 | 1 . 1 . 2 . Processor 8 | . 1 1 . 6 . Hackware 1 | . . . . 1 . Protection 10 | . . . 3 6 1 Artifact . | . . . . . . Weapon 30 | 2 . 9 5 13 1 Energy Gun 16 | . . 5 5 6 . Energy Cannon 2 | . . 2 . . . Ballistic Gun 3 | 2 . 1 . . . Ballistic Cannon . | . . . . . . Launcher . | . . . . . . Special Weapon . | . . . . . . Impact Weapon 7 | . . . . 6 1 Slashing Weapon 1 | . . 1 . . . Piercing Weapon 1 | . . . . 1 . Special Melee Weapon . | . . . . . . Unidentified Prototypes 5 | . . 1 1 3 . Corrupted Parts 2 | . . 1 . 1 . System Corruption 10 | . . 1 . 9 . Parts Lost 35 | . . 2 1 28 4 Power 2 | . . . . 2 . Propulsion 16 | . . . . 13 3 Utility 11 | . . 1 1 8 1 Weapon 6 | . . 1 . 5 . Highest Loss Streak 19 | . . 1 1 19 6 To Critical Strikes . | . . . . . . Average Slot Usage (%) 96 | . 95 96 99 95 94 Engine 7 | . 14 11 9 5 7 Treads 16 | . 28 20 26 10 . Leg 5 | . . 11 . 4 15 Wheel 7 | . . . . 13 9 Device 8 | . . 8 9 9 . Storage 8 | . 14 11 9 7 7 Processor 12 | . 10 12 9 13 15 Hackware 1 | . . . . 2 7 Protection 2 | . . . 8 1 7 Energy Gun 12 | . . 14 25 8 . Ballistic Gun 1 | . 28 2 . . . Impact Weapon 7 | . . . . 12 23 Naked Turns . | . . . . . . Heaviest Build 68 | 10 10 35 48 68 48 Greatest Support 80 | 40 40 60 60 80 33 Greatest Overweight (x) 4 | . . 1 1 4 3 Average Overweight (x) . | . . . . . 1 Largest Inventory Capacity 20 | 8 8 15 15 20 15 Average Capacity 15 | 7 8 10 15 18 15 Most Carried 20 | 4 5 9 15 20 14 Average Carried 12 | 1 4 7 11 16 11 Final Capacity 15 | 8 8 15 15 15 15 Final Carried 15 | 4 5 8 15 14 9 Class Distribution -------------------- 41% | Mutant 26% | Gunner 12% | Assassin 8% | Scavenger-Mutant 5% | Skirmisher 4% | Scavenger-Assassin Dominant Class ---------------- Mutant | -10/Materials Mutant | -9/Materials Gunner | -8/Materials Gunner | -7/Factory Gunner | -7/Storage Resources | -11 -10 -9 -8 -7 -7 ----------- Run | Yrd Mat Mat Mat Fac Sto Matter Collected 1339 | 260 . 311 102 666 . Remotely . | . . . . . . Salvage Created 3157 | . . 1037 365 1755 . Parts 162 | . . 66 28 68 . Haulers Intercepted 3 | . . 2 1 . . Recyclers Shooed 1 | . . . . 1 . Parts Field Recycled . | . . . . . . Retrieved Matter . | . . . . . . Parts Self-Destructed . | . . . . . . Prevented . | . . . . . . Kills | -11 -10 -9 -8 -7 -7 ------- Run | Yrd Mat Mat Mat Fac Sto Combat Hostiles Destroyed 59 | . . 24 8 27 . Melee 8 | . . . . 8 . Guns 36 | . . 20 7 9 . Cannons 2 | . . 2 . . . AOE 2 | . . 2 . . . Classes Destroyed 17 | . . 10 1 6 . Worker 6 | . . 2 . 4 . Builder 3 | . . . . 3 . Tunneler 2 | . . . 1 1 . Hauler 3 | . . 2 1 . . Recycler 4 | . . . . 4 . Mechanic 1 | . . 1 . . . Operator 3 | . . 2 . 1 . Watcher 4 | . . 1 . 3 . Swarmer 20 | . . 12 4 4 . Grunt 16 | . . 6 3 7 . Brawler 2 | . . 1 . 1 . Duelist 1 | . . 1 . . . Protector 1 | . . . . 1 . Sentry 9 | . . 4 1 4 . Specialist 2 | . . . . 2 . Hunter 5 | . . . . 5 . Programmer 3 | . . . . 3 . Best Kill Streak 7 | . . 7 4 6 . Combat Bots Only 6 | . . 6 4 4 . Max Kills in Single Turn 2 | . . 2 1 2 . Gunslinging 1 | . . . . 1 . Exploded 1 | . . 1 . . . Melee 1 | . . . . 1 . Uniques/NPCs Destroyed . | . . . . . . Combat | -11 -10 -9 -8 -7 -7 -------- Run | Yrd Mat Mat Mat Fac Sto Hostile Shots Fired 596 | . 3 114 21 422 36 Missed 190 | . 3 34 7 135 11 Damage Taken 5588 | . . 858 142 4221 367 Core 817 | . . 87 25 633 72 Absorbed by Shields . | . . . . . . Core Remaining (%) 93 | 100 100 78 95 . . Volleys Fired 104 | . . 66 15 23 . Largest 3 | . . 2 3 3 . Hottest 240 | . . 112 150 240 . Shots Fired 220 | . . 118 41 61 . Gun 208 | . . 106 41 61 . Cannon 12 | . . 12 . . . Launcher . | . . . . . . Special . | . . . . . . Kinetic 24 | . . 22 2 . . Thermal 53 | . . . . 53 . Explosive . | . . . . . . Electromagnetic 143 | . . 96 39 8 . Robot Hit Streak 9 | . . 6 7 9 . Robot Miss Streak 7 | . . 4 3 7 . Penetration Max . | . . . . . . Secondary Targets 5 | . . 2 1 2 . Max Gunslinging Chain 1 | . . 1 1 1 . Shots Hit Robots 211 | . . 71 26 113 1 Core Hits 104 | . . 37 14 53 . Critical Kills 1 | . . . . 1 . Critical Parts Destroyed 11 | . . 1 . 10 . Critical Strikes 16 | . . 2 1 13 . Destroy 1 | . . 1 . . . Corrupt 2 | . . 1 1 . . Smash 12 | . . . . 12 . Impale 1 | . . . . 1 . Melee Attacks 113 | . . 1 1 108 3 Impact 106 | . . . . 103 3 Slashing 2 | . . 1 1 . . Piercing 5 | . . . . 5 . Sneak Attacks 15 | . . 1 . 14 . Combat Hostiles . | . . . . . . Follow-up Attacks 15 | . . . . 14 1 Damage Inflicted 6456 | . . 1465 472 4484 35 Guns 2558 | . . 1062 450 1046 . Cannons 175 | . . 175 . . . Explosions 159 | . . 159 . . . Melee 3527 | . . 54 . 3438 35 Ramming 37 | . . 15 22 . . Kinetic 218 | . . 205 13 . . Thermal 1091 | . . 159 . 932 . Explosive . | . . . . . . Electromagnetic 1583 | . . 1032 437 114 . Impact 3414 | . . . . 3379 35 Slashing 54 | . . 54 . . . Piercing 59 | . . . . 59 . Highest Corruption 24 | . . 3 . 24 2 Average Corruption 5 | . . 2 . 6 2 Corruption Purged 23 | . . . . 23 . Corruption Blocked . | . . . . . . Effects 84 | . . 16 . 67 1 Message Errors 15 | . . 2 . 13 . Matter Fused 21 | . . 2 . 19 . Heat Flow Errors 8 | . . 4 . 4 . Energy Discharges 10 | . . 4 . 6 . Parts Rejected 2 | . . . . 1 1 Parts Fused 1 | . . . . 1 . Data Loss (minor) 16 | . . 1 . 15 . Data Loss (major) 4 | . . . . 4 . Misfires 3 | . . 2 . 1 . Alerts 2 | . . . . 2 . Weapon Failures 2 | . . 1 . 1 . Overload Shots . | . . . . . . Overflow Damage 1283 | . . 12 . 1271 . Projectiles 4 | . . 4 . . . Explosions 8 | . . 8 . . . Melee 1271 | . . . . 1271 . Knockbacks 14 | . . . . 14 . Impact 14 | . . . . 14 . Kinetic . | . . . . . . Secondary . | . . . . . . Self-Inflicted Damage 63 | . . 63 . . . Shots 2 | . . 2 . . . Rammed 5 | . . 1 4 . . Targets Rammed 6 | . . 1 5 . . Kicked . | . . . . . . Crushed 1 | . . . 1 . . Highest Temperature 396 | . . 271 223 396 . Average Temperature 89 | . . 56 63 117 . Received Heat Transfer 846 | . . 180 45 621 . Effects 5 | . . . . 5 . Interference 4 | . . . . 4 . Damage (minor) 1 | . . . . 1 . Siege Activations . | . . . . . . Robots Corrupted 1 | . . . 1 . . Combat Hostiles 1 | . . . 1 . . Parts Fried 31 | . . 8 . 23 . Impact Corruptions 41 | . . . . 41 . Robots Melted . | . . . . . . Combat Hostiles . | . . . . . . Parts Melted 7 | . . 1 . 6 . Heat Transferred 2079 | . . 250 . 1829 . Parts Sabotaged . | . . . . . . Parts Stolen . | . . . . . . Parts Stripped . | . . . . . . Power Chain Reactions 4 | . . 4 . . . Alert | -11 -10 -9 -8 -7 -7 ------- Run | Yrd Mat Mat Mat Fac Sto Peak Influence 494 | . 26 494 385 278 102 Initial 208 | . . 10 208 104 86 Average 157 | . 4 192 276 127 85 Maximum Alert Level 2 | . . 2 1 1 . Low Security (%) 60 | 100 100 52 7 73 100 Level 1 37 | . . 41 92 26 . Level 2 1 | . . 6 . . . Level 3 . | . . . . . . Level 4 . | . . . . . . Level 5 . | . . . . . . High Security . | . . . . . . Max Security . | . . . . . . Squads Dispatched 12 | . . 2 1 9 . Investigation 4 | . . 1 . 3 . Extermination 3 | . . . . 3 . Reinforcement 5 | . . 1 1 3 . Assault . | . . . . . . Garrison . | . . . . . . Intercept . | . . . . . . Searches Triggered . | . . . . . . Construction Impeded . | . . . . . . Haulers Reinforced . | . . . . . . Active Scanning Responses . | . . . . . . Cargo Convoy Interrupts 1 | . . . . 1 . Stealth | -11 -10 -9 -8 -7 -7 --------- Run | Yrd Mat Mat Mat Fac Sto Distress Signals 3 | . 1 1 . 1 . Communications Jammed . | . . . . . . Distress Signals . | . . . . . . Times Spotted 98 | . 3 42 9 41 3 Peak Tracking Total 7 | . 4 6 4 7 3 Tactical Retreats 4 | . . 2 1 1 . Traps | -11 -10 -9 -8 -7 -7 ------- Run | Yrd Mat Mat Mat Fac Sto Traps Triggered 10 | . . 3 1 6 . Indirectly . | . . . . . . Trap Hack Attempts . | . . . . . . Triggered . | . . . . . . Disarmed . | . . . . . . Reprogrammed 3 | . . 3 . . . Reused 3 | . . 3 . . . Traps Extracted . | . . . . . . Installed . | . . . . . . Triggered 8 | . . 3 . 5 . Machines | -11 -10 -9 -8 -7 -7 ---------- Run | Yrd Mat Mat Mat Fac Sto Machines Disabled 3 | . . 3 . . . Max in Single Turn 1 | . . 1 . . . Garrison Access 1 | . . . . 1 . Machines Repaired . | . . . . . . Machines Dismantled . | . . . . . . Machines Sabotaged . | . . . . . . Overloaded Fab Kills . | . . . . . . Hacking | -11 -10 -9 -8 -7 -7 --------- Run | Yrd Mat Mat Mat Fac Sto Machines Accessed 18 | . 2 7 . 8 1 Terminals 11 | . 2 6 . 2 1 Fabricators 2 | . . . . 2 . Repair Stations . | . . . . . . Recycling Units 1 | . . . . 1 . Scanalyzers 2 | . . 1 . 1 . Garrison Access 2 | . . . . 2 . Total Hacks 48 | . 5 23 . 18 2 Successful 22 | . 3 11 . 7 1 Failed 26 | . 2 12 . 11 1 Catastrophic 4 | . . 2 . 2 . Database Lockouts . | . . . . . . Manual 10 | . 1 5 . 4 . Terminals 33 | . 5 20 . 6 2 Fabricators 5 | . . . . 5 . Repair Stations . | . . . . . . Recycling Units 1 | . . . . 1 . Scanalyzers 6 | . . 3 . 3 . Garrison Access 3 | . . . . 3 . Terminal Hacks 14 | . 3 9 . 1 1 Part Schematic 1 | . . 1 . . . Prototype ID Bank 1 | . 1 . . . . Level Access Points 1 | . . . . . 1 Branch Access Points 1 | . . 1 . . . Emergency Access Points 1 | . . 1 . . . Terminal Index 2 | . 1 1 . . . Alert Level 2 | . . 2 . . . Unreport Threat 1 | . . 1 . . . Locate Traps 1 | . . . . 1 . Reprogram Traps 1 | . . 1 . . . Hauler Manifests 1 | . . 1 . . . Zone Layout 1 | . 1 . . . . Fabricator Hacks 2 | . . . . 2 . Network Status 1 | . . . . 1 . Build 1 | . . . . 1 . Repair Station Hacks . | . . . . . . Recycling Unit Hacks 1 | . . . . 1 . Report Inventory 1 | . . . . 1 . Scanalyzer 4 | . . 2 . 2 . Insert Component 2 | . . 1 . 1 . Analyze 2 | . . 1 . 1 . Garrison Access Hacks 1 | . . . . 1 . Seal Access 1 | . . . . 1 . Unauthorized Hacks . | . . . . . . Terminals . | . . . . . . Fabricators . | . . . . . . Repair Stations . | . . . . . . Recycling Units . | . . . . . . Scanalyzers . | . . . . . . Garrison Access . | . . . . . . Data Cores Recovered 1 | . . 1 . . . Used 1 | . . 1 . . . Hacking Detections 14 | . 1 6 . 6 1 Full Trace Events 3 | . . 1 . 2 . Feedback Events . | . . . . . . Feedback Blocked . | . . . . . . Robot Schematics Acquired . | . . . . . . Robots Built . | . . . . . . Authchips . | . . . . . . Time . | . . . . . . Total Robot Build Rating . | . . . . . . Part Schematics Acquired 3 | . . 2 . 1 . Parts Built 2 | . . . . 2 . Authchips . | . . . . . . Time 53 | . . . . 53 . Total Part Build Rating 12 | . . . . 12 . Parts Repaired . | . . . . . . Time . | . . . . . . Parts Recycled . | . . . . . . Recycled Matter . | . . . . . . Retrieved Matter . | . . . . . . Retrieved Components . | . . . . . . Parts Scanalyzed 2 | . . 1 . 1 . Part Schematics Acquired 2 | . . 1 . 1 . Parts Damaged . | . . . . . . Bothacking | -11 -10 -9 -8 -7 -7 ------------ Run | Yrd Mat Mat Mat Fac Sto Used RIF Installer . | . . . . . . Robots Hacked . | . . . . . . Non-combat . | . . . . . . Combat . | . . . . . . Robot Hacks Applied . | . . . . . . Relay Couplers Released . | . . . . . . Fabnet Peak Effective % . | . . . . . . Robots Rewired . | . . . . . . Allies Hacked . | . . . . . . Hacks Repelled . | . . . . . . Allies | -11 -10 -9 -8 -7 -7 -------- Run | Yrd Mat Mat Mat Fac Sto Total Allies . | . . . . . . Largest Group . | . . . . . . Highest-Rated Group . | . . . . . . Highest-Rated Ally . | . . . . . . Total Orders . | . . . . . . Ally Attacks . | . . . . . . Total Damage . | . . . . . . Kills . | . . . . . . Allies Corrupted . | . . . . . . Allies Melted . | . . . . . . Intel | -11 -10 -9 -8 -7 -7 ------- Run | Yrd Mat Mat Mat Fac Sto Robot Analysis Total . | . . . . . . Derelict Logs Recovered . | . . . . . . Drone Launches . | . . . . . . Drone Recoveries . | . . . . . . Exploration | -11 -10 -9 -8 -7 -7 ------------- Run | Yrd Mat Mat Mat Fac Sto Turns Passed 4485 | 110 142 1191 586 2424 32 Spaces Moved 2378 | 63 88 632 284 1296 15 Core 5 | 5 . . . . . Treads 1154 | 58 88 313 284 411 . Legs 359 | . . 319 . 39 1 Wheels 860 | . . . . 846 14 Hover . | . . . . . . Flight . | . . . . . . Fastest Speed 50 | 50 160 120 170 101 110 Average Speed 141 | 151 160 144 170 132 125 Slowest Speed 330 | 160 160 250 250 330 190 Overloaded Moves . | . . . . . . Propulsion Burnouts . | . . . . . . Robots Hopped . | . . . . . . Cave-ins Triggered . | . . . . . . Exploration Rate (%) 23 | 6 21 54 20 31 8 Regions Visited 5 Branch Regions 1 Pre-discovered Areas . | . . . . . . Known Exits Taken 2 | . 1 . . 1 . Unknown Exits Taken 3 | 1 . 1 1 . . Scrap Searched . | . . . . . . Spaces Dug 11 | . . . . 11 . Terrain Destroyed 23 | . . 12 . 11 . Melee 11 | . . . . 11 . Projectile . | . . . . . . AOE 12 | . . 12 . . . Terrain Rammed . | . . . . . . Walls Destroyed . | . . . . . . Machines Disabled . | . . . . . . Actions | -11 -10 -9 -8 -7 -7 --------- Run | Yrd Mat Mat Mat Fac Sto Total 3129 | 75 89 795 351 1796 23 Wait 281 | 3 . 33 5 240 . Move 2373 | 62 87 631 283 1295 15 Hop . | . . . . . . Pick Up 91 | 4 1 15 19 52 . Fast Attach 50 | 6 1 15 4 23 1 Attach 37 | . . 5 2 25 5 Detach 9 | . . 4 1 4 . Swap 28 | . . 4 4 20 . Drop 68 | . . 20 12 36 . Fire 104 | . . 66 15 23 . Melee 82 | . . 1 1 78 2 Ram . | . . . . . . Kick . | . . . . . . Crush 6 | . . 1 5 . . Escape Stasis . | . . . . . . Rewire . | . . . . . . Trap . | . . . . . . Miscellaneous . | . . . . . . Route ------- -11/Scrapyard -10/Materials -9/Materials (discovered 3 exits: [*Mat] / *Min x2) -8/Materials -7/Factory (discovered 2 exits: *Fac / *Sto) -7/Storage (discovered 1 exit: Fac) History --------- Turn | Location | Event 2 | -11/Scrapyard | Discovered new exit (range 16) 111 | -11/Scrapyard | Entered Materials 221 | -10/Materials | Discovered new exit (range 15) 252 | -10/Materials | Identified exit to Materials 253 | -10/Materials | Entered another Materials area 253 | -9/Materials | Evolved 2 slots: Propulsion x1, Utility x1 312 | -9/Materials | Build established: Mutant 459 | -9/Materials | Discovered new exit (range 6) 755 | -9/Materials | Identified exit to Mines 1395 | -9/Materials | Discovered new exit (range 10) 1444 | -9/Materials | Entered another Materials area 1444 | -8/Materials | Evolved 2 slots: Utility x1, Weapon x1 1741 | -8/Materials | Build established: Gunner 1958 | -8/Materials | Discovered new exit (range 12) 2030 | -8/Materials | Entered Factory 2030 | -7/Factory | Evolved 2 slots: Propulsion x1, Utility x1 2820 | -7/Factory | Fabricated Adv. System Restoration Module (x2) 2849 | -7/Factory | Cargo convoy interrupted 2886 | -7/Factory | Discovered new exit (range 16) 2952 | -7/Factory | System corruption reached 10% 2994 | -7/Factory | Core integrity fell below 50% 3011 | -7/Factory | Lost 19 parts (2p8n6u3w) 3363 | -7/Factory | Lost 4 parts (1n2u1w) 3583 | -7/Factory | Core integrity fell below 20% 3632 | -7/Factory | Build established: Scavenger-Mutant 4079 | -7/Factory | Build established: Assassin 4430 | -7/Factory | Discovered new exit (range 10) 4447 | -7/Factory | Identified exit to Storage 4454 | -7/Factory | Entered Storage 4457 | -7/Storage | Identified exit to Factory 4486 | -7/Storage | Destroyed by S-27 Virus with Autogun Last Messages --------------- 04449_ ALERT: Hostile activity reported, dispatching reinforcements to area. 04451_ Powered Hammer destroyed. 04451_ Knocked back. LOCATION=STORAGE GOAL=ESCAPE 04457_ Connecting with Terminal... >>Access(Main) Found 1 level access point to Factory: (11,59) Map updated. 04463_ Critical hit (Destroy). 04464_ Com. Wheel destroyed. 04471_ System corrupted: Hrd. Medium Armor Plating rejected. 04472_ Acquired Hrd. Medium Armor Plating. 04474_ Aluminum Leg destroyed. 04477_ Powered Hammer follow-up attack on S-27 Virus. 04478_ S-27 Virus suffers critical hit (Destroy). 04478_ Carbon-fiber Leg destroyed. 04480_ Hrd. Medium Armor Plating destroyed. Map ----- +----------------------------------------------------+ | ????????????????????????????????? | | ????????????????????????????????? | | ????????????????????????????????? | | ????????????????????????????????? | | ????????????????????????????????? | | ????????????????????????????????? | | ????????????????????????????????? | | ????????????????????????????????? | | ????????????????????#####???????? | | ??????????????????### #???????? | | ??????????????????#"" #???????? | | ??????????????????#"" #???????? | | ??????????????????#"T #???????? | | ??????????????????#"" #???????? | | ??????????????????#"" #???????? | | ??????????????????### #???????? | | ????????????????????# #???????? | | ????????????????????# #???????? | | ????????????????????# ######### | | ????????????????????# # # | | ????????????????????# # ? | | ????????????????????# # """ ? | | ????????????????????# # """ # | | ????????????????????# # """ # | | ????????????????????# s # | | ????????????????????# #@ """ # | | ????????????????????# #s """ # | | ????????????????????# + """ # | | ????????????????????# # # | | ????????????????????# # # | | ????????????????????# ######### | | ????????????????????# #???????? | | ????????????????????# ????????? | | ????????????????????# ????????? | | ????????????????????# ????????? | | ????????????????????# ????????? | | ????????????????????# ????????? | | ???????????????????? ????????? | | ????????????????????? ????????? | | ????????????????????????????????? | | ????????????????????????????????? | | ????????????????????????????????? | | ????????????????????????????????? | | ????????????????????????????????? | | ????????????????????????????????? | | ????????????????????????????????? | | ????????????????????????????????? | | ????????????????????????????????? | | ????????????????????????????????? | | ????????????????????????????????? | +----------------------------------------------------+ Best States ------------- Heat Dissipation 48 Energy Generation 18 Energy Capacity 310 Matter Stores 300 Matter Capacity 300 Sight Range 20 Robot Scan Range 15 Terrain Scan Range 16 Terrain Scan Density 85 Armor Coverage 225 Weapon Cycling 15 Evasion (%) 55 Targeting Accuracy 5 Target Analysis 5 Core Analysis 6 Recoil Reduction 4 Energy Filtering 30 Offensive Hacking 10 Item Schematics ----------------- Arm. Treads | -9/Materials | Scanalyzed Sensor Array | -9/Materials | Hacked Gatling Laser | -7/Factory | Scanalyzed Robot Schematics ------------------ None Fabricated ------------ Adv. System Restoration Module | x2 | -7/Factory | Preloaded Alien Tech Used ----------------- None Achievements -------------- None Challenges ------------ None Game ------ Seed CoolantShockBoregun Manual? 0 Play Time 00:34:32 Cumulative 57.6 hours Start 2024.07.15 @ 11:33:26 End 2024.07.15 @ 12:08:34 Sessions 1 Manual Loads 0 Difficulty Rogue Special Mode None Game No. 62 Rogue 62 Adventurer 0 Explorer 0 Win Type - Total 0 Types 0/0/0/0/0/0/0/0/0 Lore% 43 Gallery% 51 Achievement% 35 Wizard Run 0 Options --------- Layout 0 ASCII 0 Keyboard 1 Movement Numpad Keybinds 0 Fullscreen 2 Font 18/SmallcapsGlow Map View 76x50 Zoom Use 0% Tactical HUD 1 Map Filters NONE Filters NONE Steam 1 RUN: 77bc7c30-8f47-4b00-b77b-267ea43759c7